Map: Newkirk Precinct TE (Void)

Players

Loken - Winner!

  • Race: Protoss Protoss
  • League: Platinum
  • Spawn Location: 5:00

dallaskuken

  • Race: Protoss Protoss
  • League: Platinum
  • Spawn Location: 7:00

VOD

Have the link to the VOD?

Description

Time

  • Played on: March 23, 2017, 3:53 p.m.
  • Length: 7:39
Show
View Real Time Build Order
Export as new Build Order

Loken Protoss - Winner!

Build Orders:  

Get SALT Encoding   

  12  0:01  Probe (Chrono Boost)  
  13  0:12  Probe (Chrono Boost)  
  14  0:20  Pylon  
  14  0:23  Probe (Chrono Boost)  
  15  0:39  Probe (Chrono Boost)  
  15  0:41  Gateway  
  16  0:49  Probe (Chrono Boost)  
  17  1:00  Probe (Chrono Boost)  
  18  1:09  Assimilator  
  18  1:10  Probe (Chrono Boost)  
  19  1:21  Probe (Chrono Boost)  
  19  1:23  Pylon  
  20  1:30  Cybernetics Core  
  21  1:32  Probe (Chrono Boost)  
  21  1:43  Probe (Chrono Boost)  
  21  1:46  Zealot  
  24  1:50  Assimilator  
  24  1:53  Probe (Chrono Boost)  
  25  2:01  Pylon  
  25  2:07  Warp Gate  
  25  2:19  Stalker  
  27  2:24  Probe (Chrono Boost)  
  28  2:32  Nexus  
  28  2:36  Probe (Chrono Boost)  
  29  2:39  Pylon  
  29  2:53  Stalker  
  29  2:57  Gateway  
  31  3:03  Gateway  
  31  3:09  Probe (Chrono Boost)  
  33  3:21  Pylon, Probe (Chrono Boost)  
  33  3:24  Stalker  
  35  3:43  Pylon  
  35  3:46  Probe (Chrono Boost)  
  36  3:52  Probe (Chrono Boost)  
  37  3:56  Probe (Chrono Boost)  
  38  4:04  Probe (Chrono Boost)  
  38  4:07  Probe (Chrono Boost)  
  40  4:11  Stalker  
  40  4:12  Stalker x2  
  46  4:17  Probe (Chrono Boost)  
  47  4:34  Probe (Chrono Boost)  
  47  4:35  Probe (Chrono Boost)  
  47  4:37  Zealot  
  47  4:38  Zealot x2  
  55  4:45  Probe (Chrono Boost)  
  57  4:47  Probe (Chrono Boost)  
  57  4:55  Probe (Chrono Boost)  
  57  4:59  Probe (Chrono Boost)  
  47  5:19  Zealot  
  47  5:20  Zealot x2  
  53  5:40  Gateway  
  51  5:43  Gateway  
  51  5:46  Gateway, Forge  
  51  5:52  Probe (Chrono Boost)  
  51  5:54  Probe (Chrono Boost)  
  51  5:56  Pylon  
  53  5:59  Pylon  
  53  6:00  Stalker x3  
  53  6:03  Probe (Chrono Boost)  
  60  6:06  Probe (Chrono Boost)  
  61  6:18  Probe (Chrono Boost)  
  60  6:19  Assimilator  
  60  6:24  Assimilator  
  58  6:32  Stalker x3  
  56  6:51  Probe (Chrono Boost)  
  57  6:57  Stargate  
  57  6:58  Stargate  
  57  7:02  Stargate, Probe (Chrono Boost)  
  57  7:05  Photon Cannon  
  56  7:12  Probe (Chrono Boost)  
  55  7:19  Stalker  
  55  7:20  Stalker x4  
  55  7:21  Stalker  
  66  7:23  Photon Cannon, Probe (Chrono Boost)  
  66  7:27  Photon Cannon  
  62  7:33  Pylon  
Show
View Real Time Build Order
Export as new Build Order

dallaskuken Protoss 

Build Orders: 1 Gate Expand 

Get SALT Encoding   

  12  0:01  Probe (Chrono Boost)  
  13  0:11  Probe (Chrono Boost)  
  14  0:23  Pylon  
  15  0:28  Probe (Chrono Boost)  
  15  0:41  Probe (Chrono Boost)  
  16  0:48  Gateway  
  16  0:52  Probe (Chrono Boost)  
  17  1:02  Probe (Chrono Boost)  
  18  1:15  Probe (Chrono Boost)  
  19  1:20  Assimilator  
  19  1:26  Probe (Chrono Boost)  
  20  1:36  Cybernetics Core  
  20  1:41  Nexus  
  20  1:46  Probe (Chrono Boost)  
  21  1:56  Probe (Chrono Boost)  
  22  2:08  Probe (Chrono Boost)  
  23  2:11  Warp Gate  
  23  2:19  Probe (Chrono Boost)  
  23  2:21  Pylon  
  23  2:28  Assimilator  
  23  2:39  Zealot  
  27  2:45  Mothership Core (Chrono Boost)  
  27  2:59  Pylon  
  29  3:05  Probe (Chrono Boost)  
  29  3:06  Probe (Chrono Boost)  
  29  3:07  Zealot  
  31  3:16  Probe (Chrono Boost)  
  31  3:18  Probe (Chrono Boost)  
  33  3:20  Stargate  
  33  3:26  Probe (Chrono Boost)  
  34  3:30  Forge, Probe (Chrono Boost)  
  34  3:32  Pylon  
  35  3:37  Probe (Chrono Boost)  
  35  3:39  Stalker  
  39  3:42  Probe (Chrono Boost)  
  39  3:48  Probe (Chrono Boost)  
  40  3:54  Probe (Chrono Boost)  
  41  3:58  Probe (Chrono Boost)  
  42  4:04  Gateway  
  42  4:05  Gateway  
  42  4:06  Probe (Chrono Boost)  
  42  4:09  Oracle, Probe (Chrono Boost)  
  47  4:19  Probe (Chrono Boost)  
  47  4:22  Assimilator  
  48  4:30  Probe (Chrono Boost)  
  50  4:31  Photon Cannon  
  50  4:32  Probe (Chrono Boost)  
  50  4:35  Stalker  
  52  4:40  Probe (Chrono Boost)  
  53  4:51  Probe (Chrono Boost)  
  39  5:30  Stalker  
  36  5:48  Void Ray  
  38  5:51  Stalker x2  
  42  6:14  Stalker  
  42  6:16  Stalker  
  42  6:49  Zealot  
Tags
 
Add a new tag
Caveats
  • Supply blocks, unpowered buildings, or Contaminate may cause inaccurate times.
  • Supply counts are checked every 10 seconds.